 Dungeon Crawl Stone Soup version 0.17.0-25-gefc9c12 (console) character file.

105 gw the Grave Robber (level 4, 0/24 HPs)
             Began as a Deep Elf Necromancer on Nov 18, 2015.
             Slain by an orc warrior
             ... wielding a +0 mace
              (12 damage)
             ... on level 3 of the Dungeon.
             The game lasted 00:01:37 (3568 turns).

gw the Grave Robber (Deep Elf Necromancer)          Turns: 3568, Time: 00:01:37

Health: 0/24       AC:  6    Str:  5    XL:     4   Next: 54%
Magic:  0/12       EV: 12    Int: 21    God:
Gold:   108        SH:  0    Dex: 15    Spells: 4 memorised, 4 levels left

rFire  . . .     SeeInvis .     a - +0 dagger
rCold  . . .     Clarity  .     m - +0 leather armour
rNeg   . . .     SustAt   .     (no shield)
rPois  .         Gourm    .     (no helmet)
rElec  .         Spirit   .     o - +2 cloak
rCorr  .         Warding  .     (no gloves)
rMut   .         Stasis   .     (no boots)
MR     .....                    i - amulet of rage
Stlth  ++........               (no ring)
                                (no ring)

@: very slightly contaminated, not resistant to hostile enchantments, unstealthy
A: no striking features
a: Evoke Berserk Rage


You were on level 3 of the Dungeon.
You were not hungry.

You visited 1 branch of the dungeon, and saw 3 of its levels.

You collected 108 gold pieces.

Inventory:

Hand Weapons
 a - a +0 dagger (weapon)
Missiles
 d - 17 arrows
 h - 7 arrows of dispersal
Armour
 m - a +0 leather armour (worn)
 o - a +2 cloak (worn)
Jewellery
 i - an amulet of rage (around neck)
Scrolls
 e - a scroll of fear
 g - 3 scrolls of identify
 n - a scroll of blinking {unknown}
Potions
 j - a potion of curing
 k - a potion of degeneration {unknown}
 q - a potion of flight {unknown}
Books
 b - a book of Necromancy

   Spells                             Type                      Level
   a - Pain                           Necromancy                   1
   b - Animate Skeleton               Necromancy                   1
   c - Vampiric Draining              Necromancy                   3
   d - Regeneration                   Charms/Necromancy            3
   e - Animate Dead                   Necromancy                   4
   f - Control Undead                 Necromancy                   4
 l - a book of Clouds

   Spells                             Type                      Level
   a - Mephitic Cloud                 Conjuration/Poison/Air       3
   b - Conjure Flame                  Conjuration/Fire             3
   c - Poisonous Cloud                Conjuration/Poison/Air       6
   d - Freezing Cloud                 Conjuration/Ice/Air          6
   e - Ring of Flames                 Charms/Fire                  7
Comestibles
 c - 2 bread rations
 f - 3 meat rations
 p - a chunk of flesh


   Skills:
 + Level 0.7 Fighting
 + Level 1.2 Short Blades
 + Level 3.2 Dodging
 - Level 2.4 Stealth
 * Level 4.6 Spellcasting
 + Level 5.4 Necromancy


You had 4 spell levels left.
You knew the following spells:

 Your Spells              Type           Power        Failure   Level  Hunger
a - Pain                  Necr           ####         1%          1    None
b - Animate Skeleton      Necr           N/A          1%          1    None
c - Vampiric Draining     Necr           ####......   8%          3    ##.....
d - Regeneration          Chrm/Necr      ###.......   21%         3    ##.....


Dungeon Overview and Level Annotations

Branches:
Dungeon (3/15)

Altars:
Fedhas
Trog


Message History

Press: ? - help, Shift-Dir - straight line, f - orc warrior
Aim: an orc warrior, wielding a mace and wearing a chain mail (severely wounded, chance to defeat MR: 84%)
The orc warrior convulses in agony!
The orc warrior misses you. Something hits you but does no damage.
Casting: Pain
Confirm with . or Enter, or press ? or * to list all spells.
Aiming: Pain
Press: ? - help, Shift-Dir - straight line, f - ooze, p - orc warrior
Aim: an ooze (chance to defeat MR: 84%)
The ooze convulses in agony!
The orc warrior barely misses you. The ooze hits you.
Casting: Pain
Confirm with . or Enter, or press ? or * to list all spells.
Aiming: Pain
Press: ? - help, Shift-Dir - straight line, f/p - ooze
Aim: an ooze (severely wounded, chance to defeat MR: 84%)
The ooze convulses in agony!
Something barely misses you. The orc warrior hits you with a mace!
Ouch! That really hurt!
You die...

#.##...##....# ..
#.##...##..... #.
#.#######..... #.# #.#
#..... #.. #)# #.#.#.
#.## #.# #.#.#.
.#####..###.#######.#(#.
...)..J...........(.#.#.
...)..oe................
#.........#...........#.
########..#######.#####.
........#######'#####.
##########............
#............
##...........
##.......... #..).......


You could see an orc warrior and an ooze.

Table legend:
 A = Turns spent in this place as a percentage of turns spent in the entire game.
 B = Non-inter-level travel turns spent in this place as a percentage of non-inter-level travel turns spent in the entire game.
 C = Inter-level travel turns spent in this place as a percentage of turns spent in this place.
 D = Turns resting spent in this place as a percentage of non-inter-level travel turns spent in this place.
 E = Turns spent auto-exploring this place as a percentage of non-inter-level travel turns spent in this place.
 F = Non-inter-level travel turns spent in this place divided by the number of levels of this place that you've seen.
                   A       B       C       D       E      F
               +-------+-------+-------+-------+-------+----------------------
         Total | 100.0 | 100.0 |   0.8 |   5.1 |   3.2 | 1009.7
       Dungeon | 100.0 | 100.0 |   0.8 |   5.1 |   3.2 | 1009.7
               +-------+-------+-------+-------+-------+----------------------

Table legend:
 A = Kills in this place as a percentage of kills in entire the game.
 B = Kills by you in this place as a percentage of kills by you in the entire game.
 C = Kills by friends in this place as a percentage of kills by friends in the entire game.
 D = Other kills in this place as a percentage of other kills in the entire game.
 E = Experience gained in this place as a percentage of experience gained in the entire game.
 F = Experience gained in this place divided by the number of levels of this place that you have seen.
                   A       B       C       D       E      F
               +-------+-------+-------+-------+-------+----------------------
         Total | 100.0 | 100.0 |  -nan |  -nan | 100.0 |  50.3
       Dungeon | 100.0 | 100.0 |  -nan |  -nan | 100.0 |  50.3
               +-------+-------+-------+-------+-------+----------------------

Vanquished Creatures
  An orc wizard (D:3)
  2 adders (D:2)
  3 worms
  2 giant geckos
  5 orcs (D:3)
  A ball python (D:3)
  2 giant cockroaches (D:1)
  5 goblins
  4 hobgoblins
  4 jackals (D:1)
  A quokka (D:2)
  5 bats
  5 giant newts (D:1)
  6 kobolds
  A rat (D:2)
47 creatures vanquished.

Notes
Turn   | Place    | Note
--------------------------------------------------------------
     0 | D:1      | gw the Deep Elf Necromancer began the quest for the Orb.
     0 | D:1      | Reached XP level 1. HP: 10/10 MP: 6/6
     2 | D:1      | Learned a level 1 spell: Animate Skeleton
   150 | D:1      | Reached skill level 5 in Necromancy
   648 | D:1      | Reached XP level 2. HP: 15/15 MP: 6/8
  1755 | D:1      | Found a bloodstained altar of Trog.
  1871 | D:2      | Reached XP level 3. HP: 17/19 MP: 6/10
  1923 | D:2      | Learned a level 3 spell: Vampiric Draining
  1927 | D:2      | Learned a level 3 spell: Regeneration
  2495 | D:2      | Found a blossoming altar of Fedhas.
  3332 | D:3      | Reached XP level 4. HP: 17/24 MP: 4/12
  3517 | D:3      | Reached skill level 1 in Short Blades
  3557 | D:3      | Noticed an orc warrior
  3568 | D:3      | Slain by an orc warrior

Action                   |  1- 3 |  4- 6 || total
-------------------------+-------+-------++-------
Melee: Dagger            |     3 |       ||     3
 Cast: Pain              |    82 |    20 ||   102
       Animate Skeleton  |    12 |       ||    12
  Use: Scroll            |     7 |       ||     7
       Potion            |     3 |       ||     3
  Eat: Chunk             |     7 |     1 ||     8

Vault maps used:
D:1:      dpeg_arrival_water_altar
D:2:      fedhas_altar_3
D:3:      tgw_trog, first_bread, nemelex_xobeh_ov_fountains_minmay
